 Dungeon Crawl Stone Soup version 0.31-a0-1236-gaa9e43cceb (webtiles) character file.

Game seed: 10580619047257782303

140 Ivernyr the Shield-Bearer (level 5, -3/63 HPs)
             Began as a Formicid Fighter on Dec 15, 2023.
             Succumbed to a scorpion's poison
             ... on level 3 of the Dungeon.
             The game lasted 00:04:58 (2302 turns).

Ivernyr the Shield-Bearer (Formicid Fighter)        Turns: 2302, Time: 00:04:58

Health: -3/63      AC: 22    Str: 22    XL:     5   Next: 46%
Magic:  5/5        EV:  2    Int:  8    God:
Gold:   171        SH:  5    Dex: 13    Spells: 4/4 levels left

rFire   . . .        a - +0 quarterstaff
rCold   . . .        c - +0 buckler
rNeg    . . .        b - melded +0 scale mail
rPois   +            (helmet unavailable)
rElec   .            (cloak currently unavailable)
rCorr   .            (gloves currently unavailable)
SInv    .            (boots currently unavailable)
Will    .....        j - amulet of the acrobat
Stlth   +            (no ring)
HPRegen 0.30/turn    (no ring)
MPRegen 0.09/turn

%: acrobat
@: lethally poisoned (-3 -> -25), tree-form
A: stationary, stasis, torment immunity, boosted hp, permanent stasis, dig
shafts and tunnels, (antennae 3), four strong arms
a: no special abilities


You were on level 3 of the Dungeon.
You were a tree.
You visited 1 branch of the dungeon, and saw 4 of its levels.

You collected 171 gold pieces.

Inventory:

Hand Weapons
 a - a +0 quarterstaff (weapon)
Armour
 b - a +0 scale mail (melded)
 c - a +0 buckler (worn)
Jewellery
 j - an amulet of the acrobat (around neck)
 t - a ring of wizardry
Wands
 p - a wand of paralysis (3)
Scrolls
 e - a scroll of enchant armour {unknown}
 f - a scroll of poison {unknown}
 g - 7 scrolls of identify {unknown}
 h - a scroll of enchant weapon {unknown}
 i - a scroll of torment {unknown}
 k - 2 scrolls of revelation {unknown}
 q - a scroll of amnesia {unknown}
 v - a scroll of teleportation {unknown}
Potions
 d - a potion of might
 m - a potion of magic {unknown}
 n - a potion of degeneration {unknown}
 o - a potion of ambrosia {unknown}
 r - a potion of mutation {unknown}
 s - a potion of heal wounds {unknown}
 u - a potion of haste {unknown}


   Skills:
 + Level 4.0 Fighting
 * Level 3.6 Staves
 + Level 4.0 Armour
 + Level 4.9 Shields


You had 4 spell levels left.
You didn't know any spells.
Your spell library contained the following spells:

 Spells                   Type           Power      Damage    Failure   Level
 Ensorcelled Hibernation  Hex/Ice        0%         N/A       61%         2
 Lesser Beckoning         Tloc           0%         N/A       61%         2
 Momentum Strike          Conj/Tloc      0%         3d8       61%         2
 Passwall                 Tmut/Erth      0%         N/A       61%         2
 Call Canine Familiar     Summ           0%         N/A       83%         3
 Hailstorm                Conj/Ice       0%         3d5       83%         3
 Sigil of Binding         Hex            0%         N/A       83%         3
 Dimensional Bullseye     Hex/Tloc       0%         N/A       99%         4
 Leda's Liquefaction      Hex/Erth       0%         N/A       99%         4
 Summon Ice Beast         Ice/Summ       0%         N/A       99%         4
 Simulacrum               Ice/Necr       0%         N/A       100%        6
 Blink                    Tloc           Unusable   N/A       N/A         2
 Swiftness                Air            Unusable   N/A       N/A         3

Dungeon Overview and Level Annotations

Branches:
Dungeon (4/15)
 Temple: D:4-7

Altars:
Fedhas

Shops:
D:2 [   D:3 [*

Annotations:
D:4 Grinder


Innate Abilities, Weirdness & Mutations

You are a tree.
Your roots penetrate the ground, keeping you stationary.
You cannot be teleported.
You are immune to unholy pain and torment.
Your maximum health is greatly increased.
Your equipment is partially melded.
You cannot be hasted, slowed, berserked, paralysed or teleported.
You can dig through walls and to a lower floor.
((You have a pair of large antennae on your head. (SInv)))
Your four strong arms can wield two-handed weapons with a shield.


Message History

The scorpion is moderately wounded.
The scorpion stings you.
You are poisoned.
The scorpion poisons you!
You closely miss the scorpion.
The scorpion is moderately wounded.
You feel very sick. The scorpion stings you.
You are lethally poisoned!
The scorpion poisons you!
The scorpion stings you but does no damage.
You hit the scorpion.
The scorpion is severely wounded.
* * * LOW HITPOINT WARNING * * *
You feel very sick. You block the scorpion's attack.
You hit the scorpion.
The scorpion is severely wounded.
* * * LOW HITPOINT WARNING * * *
You feel very sick.
The scorpion stings you but does no damage.
The scorpion stings you.
* * * LOW HITPOINT WARNING * * *
It was a potion of lignification.
You turn into a tree.
Your +0 scale mail melds into your body.
Your roots penetrate the ground.
* * * LOW HITPOINT WARNING * * *
You feel very sick.
The scorpion stings you but does no damage.
You barely miss the scorpion.
The scorpion is severely wounded.
* * * LOW HITPOINT WARNING * * *
You feel very sick. The scorpion stings you.
* * * LOW HITPOINT WARNING * * *
You are more poisoned.
The scorpion poisons you!
You completely miss the scorpion.
The scorpion is severely wounded.
You die...

##^##...........# #.# #.#
#.#######......# #.# ###.#
#.....# #.)....# #.# ##....
#.....###......# ##.###..##+
##.............#
##..##....'∩ #<...###..#####
#∩.∩...####' #....#
##.....###........##.
#....#####.s.....∩.∩##.#.###
#....#.....♣...#...###.#.#
######.####...###### #.#.#
#.............# #.#.#
#.####.####...# #.#.#
#.####.# #.### #####.#.#
#.....[# #.# #.....#.#
######## #.# #.#####.# #.#
#.# #.# #######.# #.# #.###


You could see a scorpion.

Vanquished Creatures
  An orc priest (D:3)
  5 adders
  3 worms
  A dart slug (D:2)
  4 orcs
  3 ball pythons
  5 endoplasms
  A giant cockroach (D:2)
  7 goblins
  4 hobgoblins (D:1)
  2 jackals (D:2)
  2 quokkas (D:2)
  4 bats (D:1)
  A frilled lizard (D:1)
  2 kobolds
  6 rats
51 creatures vanquished.

Notes
Turn   | Place    | Note
-------+----------+-------------------------------------------
     0 | D:1      | Ivernyr the Formicid Fighter began the quest for the Orb.
     0 | D:1      | Reached XP level 1. HP: 18/18 MP: 1/1
    49 | D:1      | Reached XP level 2. HP: 15/24 MP: 2/2
   531 | D:1      | Reached XP level 3. HP: 27/29 MP: 3/3
   846 | D:2      | Found a blossoming altar of Fedhas.
   871 | D:2      | Reached XP level 4. HP: 27/37 MP: 4/4
  1283 | D:2      | Found Boobloas's Antique Armour Shop.
  1673 | D:3      | Found Ahanewoeku's General Store.
  1680 | D:3      | Found Hourghad's Armour Boutique.
  1761 | D:3      | Found Jesopez's General Store.
  1958 | D:3      | Reached XP level 5. HP: 39/42 MP: 5/5
  2282 | D:4      | Noticed Grinder
  2301 | D:3      | HP: 3/63 [scorpion (1)]
  2302 | D:3      | Succumbed to a scorpion's poison

Illustrated notes

Levels and vault maps discovered:
D:1:      dpeg_arrival_morbid_curiosity, layout_loops_ring
D:2:      layout_basic, basic_altar, serial_shops,
          nicolae_shop_just_a_little_nook
D:3:      cheibrodos_pilgrimage, layout_basic, serial_shops,
          nicolae_shop_behind_doors, nicolae_shop_competitors_out_of_business,
          shop
D:4:      minmay_general_purpose_star, layout_basic, gammafunk_ghost_split,
          serial_shops, shop, nicolae_titane, uniq_grinder

Skill      XL: |  1  2  3  4  5 |
---------------+----------------+-----
Staves         | 3 |  3.6
Fighting       | 4 |  4.0
Armour         | 4 |  4.0
Shields        | |  4.9

Action                     |  1- 3 |  4- 6 || total
---------------------------+-------+-------++-------
  Melee: Quarterstaff      |    64 |    93 ||   157
    Use: Potion            |       |     1 ||     1
 Armour: Scale mail        |    39 |    54 ||    93
         Skin              |       |     2 ||     2
  Dodge: Dodged            |    41 |    45 ||    86
  Block: Buckler           |    14 |    19 ||    33

Table legend: (Time is in decaauts)
 A = Elapsed time spent in this place.
 B = Non-inter-level travel time spent in this place.
 C = Inter-level travel time spent in this place.
 D = Time resting spent in this place.
 E = Time spent auto-exploring this place.
 F = Levels seen in this place.
 G = Mean time per level.
                   A        B        C        D        E       F      G
               +--------+--------+--------+--------+--------+-----+--------+
         Total |   2332 |   2268 |     64 |     93 |   1714 |   4 |  583.0 |
       Dungeon |   2332 |   2268 |     64 |     93 |   1714 |   4 |  583.0 |
               +--------+--------+--------+--------+--------+-----+--------+

Top non-repeatable levels by time:
     D:2: 914 daAuts
     D:1: 759 daAuts
     D:3: 643 daAuts
     D:4: 14 daAuts
